 Dungeon Crawl Stone Soup version 0.23-a0-8-gb809bb70e4 (webtiles) character file.

7560 Chiseanne the Fighter (level 10, -4/85 HPs)
             Began as a Demonspawn Wanderer on Aug 1, 2018.
             Was a Believer of Yredelemnul.
             Succumbed to a spiny frog's poison
             ... on level 2 of the Lair of Beasts.
             The game lasted 00:44:54 (9800 turns).

Chiseanne the Fighter (Demonspawn Wanderer)         Turns: 9800, Time: 00:44:54

Health: -4/85      AC: 19    Str: 14    XL:     10   Next: 96%
Magic:  19/19      EV: 18    Int: 18    God:    Yredelemnul [**....]
Gold:   243        SH:  0    Dex: 13    Spells: 15/21 levels left

rFire    + + .     SeeInvis .   a - +4 halberd (protect)
rCold    + . .     Gourm    .   (shield currently unavailable)
rNeg     . . .     Faith    .   y - +3 leather armour {rC+}
rPois    .         Spirit   .   J - +2 hat {Int+3}
rElec    .         Reflect  .   G - +0 cloak
rCorr    .         Harm     .   F - +0 pair of gloves
MR       .....                  (no boots)
Stlth    ++........             (no amulet)
HPRegen  0.24/turn              i - +3 ring of evasion
MPRegen  0.16/turn              B - ring of protection from fire

@: lethally poisoned (-4 -> -40), protection aura
A: antennae 2, rugged brown scales 1, fire resistance 1, spiny 1
a: Animate Remains, Recall Undead Slaves, Injury Mirror, Renounce Religion


You were on level 2 of the Lair of Beasts.
You worshipped Yredelemnul.
Yredelemnul was pleased with you.
You were hungry.

You visited 3 branches of the dungeon, and saw 13 of its levels.
You also visited: Sewer.

You collected 446 gold pieces.
You spent 203 gold pieces at shops.

Inventory:

Hand Weapons
 a - a +4 halberd of protection (weapon)
 q - a +0 blowgun
 s - a +4 quarterstaff of chaos
 w - a +4 hand crossbow
Missiles
 b - 11 bolts
 g - 31 sling bullets
 j - 245 stones (quivered)
 l - 59 poisoned needles
 z - 101 arrows
 C - 2 tomahawks
Armour
 y - a +3 leather armour of cold resistance (worn)
 F - a +0 pair of gloves (worn)
 G - a +0 cloak (worn)
 J - a +2 hat of intelligence (worn)
Magical Staves
 d - an uncursed staff of cold
Jewellery
 i - a +3 ring of evasion (left hand)
 n - an uncursed ring of magical power
 u - an uncursed ring of fire
 B - a ring of protection from fire (right hand)
Wands
 o - a wand of flame (48)
 r - a wand of enslavement (13)
 x - a wand of digging (15)
 D - a wand of clouds (5)
 E - a wand of random effects (32)
Scrolls
 c - 2 scrolls of remove curse
 e - a scroll of fog
 A - a scroll of blinking
 I - a scroll of teleportation
Potions
 h - a potion of brilliance
 k - 3 potions of curing
 m - 3 potions of flight
 p - a potion of resistance {unknown}
 t - a potion of might {unknown}
 v - 2 potions of invisibility
 H - a potion of cancellation
Comestibles
 f - 8 rations


   Skills:
 * Level 9.0 Fighting
 - Level 5.6 Crossbows
 - Level 5.3 Armour
 * Level 6.0 Dodging
 - Level 1.7 Stealth
 * Level 6.1 Spellcasting
 * Level 7.9 Summonings


You had 15 spell levels left.
You knew the following spells:

 Your Spells              Type           Power        Failure   Level  Hunger
a - Summon Small Mammal   Summ           ####         1%          1    None
b - Summon Guardian Gole  Hex/Summ       ###.....     9%          3    ##.....
c - Apportation           Tloc           #.....       14%         1    None
d - Summon Butterflies    Summ           ####....     1%          1    None

Your spell library contained the following spells:

 Spells                   Type           Power        Failure   Level  Hunger
 Invisibility             Hex            #.......     100%        6    #######
 Tukima's Dance           Hex            #.......     41%         3    ##.....
 Spider Form              Tmut/Pois      #.........   41%         3    ##.....
 Blade Hands              Tmut           #.........   99%         5    #####..
 Ice Form                 Ice/Tmut       #.......     82%         4    ####...
 Sticks to Snakes         Tmut           #.......     22%         2    None
 Alistair's Intoxication  Tmut/Pois      #.......     99%         5    #####..
 Beastly Appendage        Tmut           #.....       14%         1    None
 Lesser Beckoning         Tloc           #.........   41%         3    ##.....


Dungeon Overview and Level Annotations

Branches:
Dungeon (10/15)            Temple (1/1) D:4            Lair (2/6) D:9
  Swamp: Lair:2-4    Shoals: Lair:2-4     Snake: Lair:2-4    Spider: Lair:2-4
    Orc: D:9-12

Altars:
Ashenzari
Cheibriados
Dithmenos
Elyvilon
Fedhas
Gozag
Hepliaklqana
Kikubaaqudgha
Makhleb
Nemelex Xobeh
Okawaru
Qazlal
Ru
Sif Muna
Trog
Uskayaw
Vehumet
Wu Jian
Xom
Yredelemnul
Zin
The Shining One

Shops:
D:5 [

Annotations:
D:3 Hawk2021's ghost, amateur OgBe
D:8 Joseph


Innate Abilities, Weirdness & Mutations

You have a pair of antennae on your head.
You are partially covered in rugged brown scales. (AC +1, +3% HP)
Your flesh is heat resistant. (rF+)
You are partially covered in sharp spines.


Message History

You feel sick.
The spiny frog is struck by your spines.
The spiny frog stings you! x2
* * * LOW HITPOINT WARNING * * *
You closely miss the spiny frog.
The spiny frog is almost dead.
You feel sick. The spiny frog stings you.
* * * LOW HITPOINT WARNING * * *
You are lethally poisoned!
The spiny frog poisons you! The spiny frog stings you!!
* * * LOW HITPOINT WARNING * * *
You are more poisoned.
The spiny frog poisons you!
You puncture the spiny frog!
Your weapon exudes an aura of protection.
You kill the spiny frog!
Yredelemnul accepts your kill.
Your Fighting skill increases to level 9!
You die...
Your body rises from the dead as a mindless zombie.

# ############ #####
P###.###P...#..#..####.#.#
.......P..................
..(...(.(@................
..........................
..(..##.##................
.... #####P........P.P.##
...{ #......#........ ..
#P.....#........ .
##..............
#..............
........P........


There were no monsters in sight!

Vanquished Creatures
  Gastronok (Lair:1)
  3 spiny frogs
  A rime drake (Lair:1)
  A komodo dragon (D:9)
  A hippogriff (Lair:1)
  Eustachio (D:5)
  Grum (Lair:1)
  Edmund (D:6)
  4 water moccasins
  4 porcupines
  A black bear (D:10)
  An orc warrior (D:9)
  4 ogres
  10 wolves
  4 centaurs
  Blork the orc (D:6)
  2 big kobolds (Sewer)
  6 bullfrogs
  A scorpion (D:4)
  3 killer bees (D:8)
  A howler monkey (D:4)
  A bullfrog zombie (D:5)
  A crimson imp (D:6)
  2 quasits
  3 orc priests
  Crazy Yiuf (D:5)
  A bullfrog skeleton (D:8)
  6 orc wizards
  2 iguanas
  A worker ant (D:4)
  A hound skeleton (D:5)
  A howler monkey skeleton (D:4)
  4 gnolls (D:5)
  10 adders
  6 river rats (Sewer)
  2 shadow imps
  An adder skeleton (D:4)
  3 worms
  3 dart slugs
  9 leopard geckos
  22 orcs
  4 giant cockroaches
  7 goblins
  3 hobgoblins
  3 jackals (D:2)
  6 ball pythons
  5 bats
  6 frilled lizards
  23 kobolds
  23 rats
  3 fungi (Lair:1)
215 creatures vanquished.

Vanquished Creatures (others)
  2 bullfrogs (D:8)
  A plant (D:9)
3 creatures vanquished.

Grand Total: 218 creatures vanquished

Notes
Turn   | Place    | Note
-------+----------+-------------------------------------------
     0 | D:1      | Chiseanne the Demonspawn Wanderer began the quest for the Orb.
     0 | D:1      | Chiseanne set off with: a +2 hand crossbow, 19 bolts, a +0 ring mail, a +0 dagger, a ration
     0 | D:1      | Reached XP level 1. HP: 13/13 MP: 2/2
   117 | D:1      | Learned a level 1 spell: Summon Small Mammal
   456 | D:1      | Gained mutation: You are partially covered in sharp spines. [demonic ancestry]
   456 | D:1      | Reached XP level 2. HP: 20/20 MP: 3/3
   535 | D:1      | Reached skill level 1 in Fighting
   844 | D:2      | Found a hide-covered altar of Uskayaw.
   844 | D:2      | Noticed a hand axe
   844 | D:2      | Noticed a hand axe
   939 | D:2      | Found a bloodstained altar of Trog.
  1053 | D:2      | Found a deep blue altar of Sif Muna.
  1156 | D:2      | Reached XP level 3. HP: 24/26 MP: 4/4
  1364 | D:2      | Found a hazy altar of Hepliaklqana.
  1773 | D:3      | Gained mutation: You are partially covered in rugged brown scales. (AC +1, +3% HP) [demonic ancestry]
  1773 | D:3      | Reached XP level 4. HP: 23/33 MP: 5/5
  1781 | D:3      | Reached skill level 2 in Fighting
  1793 | D:3      | Found a runed door.
  1802 | D:3      | Noticed a bullfrog
  1803 | D:3      | Noticed Hawk2021's ghost (amateur OgBe)
  1826 | D:3      | Found a shimmering altar of Xom.
  1945 | D:3      | Found a sacrificial altar of Ru.
  2039 | D:3      | Found a glowing drain.
  2047 | Sewer    | Entered a sewer
  2409 | Sewer    | Reached XP level 5. HP: 27/40 MP: 6/6
  2864 | Sewer    | Reached skill level 3 in Fighting
  3141 | Sewer    | Gained mutation: You have a pair of small antennae on your head. [demonic ancestry]
  3141 | Sewer    | Reached XP level 6. HP: 44/48 MP: 7/7
  3986 | D:4      | Reached skill level 4 in Fighting
  3986 | D:4      | Reached XP level 7. HP: 40/55 MP: 8/8
  4248 | D:4      | Found a snail-covered altar of Cheibriados.
  4388 | D:4      | Found a staircase to the Ecumenical Temple.
  4396 | Temple   | Entered the Ecumenical Temple
  4485 | Temple   | Became a worshipper of Yredelemnul the Dark
  4623 | D:4      | Found a sparkling altar of Nemelex Xobeh.
  4880 | D:5      | Entered Level 5 of the Dungeon
  4902 | D:5      | Found a stormy altar of Qazlal.
  4904 | D:5      | Noticed a fire elemental
  4905 | D:5      | Noticed a water elemental
  4905 | D:5      | Noticed an air elemental
  4922 | D:5      | Reached skill level 5 in Fighting
  4922 | D:5      | Reached skill level 5 in Crossbows
  5094 | D:5      | Noticed Eustachio
  5140 | D:5      | Killed Eustachio
  5140 | D:5      | Reached skill level 5 in Armour
  5140 | D:5      | Gained mutation: You have a pair of antennae on your head. [demonic ancestry]
  5140 | D:5      | Reached XP level 8. HP: 33/63 MP: 9/9
  5520 | D:5      | Found a shadowy altar of Dithmenos.
  5599 | D:5      | Reached * piety under Yredelemnul
  5650 | D:5      | Found Geso's Antique Armour Emporium.
  5667 | D:5      | Bought a runed hat for 203 gold pieces
  6173 | D:5      | Found a runed door.
  6178 | D:5      | Noticed Crazy Yiuf
  6181 | D:5      | Killed Crazy Yiuf
  6275 | D:5      | Learned a level 3 spell: Summon Guardian Golem
  6452 | D:6      | Got a warped mace
  6453 | D:6      | Identified the +3 mace "Goyll" {holy, Str+6} (You found it on level 6 of the Dungeon)
  6548 | D:6      | Noticed Edmund
  6556 | D:6      | Killed Edmund
  6556 | D:6      | Reached skill level 6 in Fighting
  6556 | D:6      | Reached skill level 1 in Dodging
  6666 | D:6      | Noticed Blork the orc
  6763 | D:6      | Killed Blork the orc
  6815 | D:6      | Found a radiant altar of Vehumet.
  6851 | D:6      | You fall through a shaft for 3 floors!
  6903 | D:8      | Noticed Joseph
  6903 | D:8      | Noticed a two-headed ogre
  7108 | D:8      | Reached XP level 9. HP: 60/73 MP: 12/12
  7114 | D:8      | Reached skill level 5 in Summonings
  7124 | D:8      | Noticed a two-headed ogre
  7387 | D:10     | Entered Level 10 of the Dungeon
  7879 | D:9      | Found a staircase to the Lair.
  8010 | D:9      | Noticed a komodo dragon
  8029 | D:9      | Killed a komodo dragon
  8029 | D:9      | Reached skill level 7 in Fighting
  8054 | Lair:1   | Entered Level 1 of the Lair of Beasts
  8215 | Lair:1   | Noticed a spiny frog
  8229 | Lair:1   | Killed a spiny frog
  8683 | Lair:1   | Learned a level 1 spell: Apportation
  8685 | Lair:1   | Learned a level 1 spell: Summon Butterflies
  8776 | Lair:1   | Noticed a rime drake
  8787 | Lair:1   | Killed a rime drake
  8815 | Lair:1   | Gained mutation: Your flesh is heat resistant. (rF+) [demonic ancestry]
  8815 | Lair:1   | Reached XP level 10. HP: 72/82 MP: 16/16
  8887 | Lair:1   | Noticed Gastronok
  8907 | Lair:1   | Killed Gastronok
  8907 | Lair:1   | Reached skill level 8 in Fighting
  8907 | Lair:1   | Reached skill level 5 in Dodging
  8907 | Lair:1   | Reached skill level 5 in Spellcasting
  8910 | Lair:1   | Noticed a spiny frog
  8923 | Lair:1   | Killed a spiny frog
  8923 | Lair:1   | Reached ** piety under Yredelemnul
  9154 | Lair:1   | Noticed Grum
  9171 | Lair:1   | Killed Grum
  9744 | Lair:2   | Found a blossoming altar of Fedhas.
  9785 | Lair:2   | Noticed a spiny frog
  9799 | Lair:2   | HP: 1/84 [spiny frog (20)]
  9800 | Lair:2   | Killed a spiny frog
  9800 | Lair:2   | Reached skill level 9 in Fighting
  9800 | Lair:2   | Succumbed to a spiny frog's poison

Vault maps used:
D:1:      lemuel_arrival_lava_pool, minmay_bisected
D:2:      lemuel_doored_altar, lemuel_coloured_pillars_altar,
          nicolae_overflow_crystal_walls, dancing_weapons_uskayaw
D:3:      xom_teletrap_fun, ebering_ghost_sewer_d,
          cheibrodos_sewer_entry_sluice, hangedman_ru_absence
D:4:      minmay_door_path, overflow_temple_1_default, marbit_many_paths,
          minmay_temple_entry_glassed_door, first_ration
D:5:      nicolae_qazlal_style_of_elements, nicolae_dithmenos_shadow_blocks,
          serial_shops, shop, minmay_lizard_king, uniq_eustachio,
          uniq_crazy_yiuf_cottage
D:6:      vehumet_crystals, serial_shops, shop, uniq_pikel, uniq_duvessa,
          uniq_blork_the_orc, uniq_edmund
D:7:      uniq_harold
D:8:      gammafunk_ghost_stat_death, grunt_ogre_cave, nicolae_two_hexagons,
          uniq_joseph
D:9:      david_lair_shrubbed, serial_glass, glass_columns_c, glass_columns_b,
          glass_columns_b, glass_columns_b, glass_columns_a, glass_columns_a,
          glass_columns_b, glass_columns_b
D:10:     orc_david_3, kennysheep_nub, uniq_psyche
Temple:   nicolae_temple_x_marks_the_god
Lair:1:   portal_ice_cave_demonic_guard, grunt_megastairs_3, uniq_gastronok,
          uniq_grum
Lair:2:   swamp_mist, spider_nest_entry_rubble, basic_altar, grunt_megastairs_5
Sewer:    sewer_minmay_treatment

Skill      XL: |  1  2  3  4  5  6  7  8  9 10 |
---------------+-------------------------------+-----
Crossbows      | 2 3 4 5 |  5.6
Fighting       | 1 2 3 4 5 6 7 9 |  9.0
Armour         | 2 3 5 |  5.3
Dodging        | 2 4 6 |  6.0
Spellcasting   | 2 4 6 |  6.1
Summonings     | 6 7 |  7.9
Stealth        | |  1.7

Action                   |  1- 3 |  4- 6 |  7- 9 | 10-12 || total
-------------------------+-------+-------+-------+-------++-------
Melee: Dagger            |    10 |       |       |       ||    10
       Short sword       |    51 |       |       |       ||    51
       Rapier            |    19 |   176 |   105 |       ||   300
       Quarterstaff      |       |       |    68 |       ||    68
       Halberd           |       |       |    44 |    61 ||   105
       Long sword        |       |       |    12 |       ||    12
 Fire: Hand crossbow     |    11 |       |    34 |    21 ||    66
Throw: Stone             |       |       |     1 |     7 ||     8
 Cast: Summon Small Mamm |       |       |     2 |       ||     2
Evoke: Wand              |       |       |    10 |     1 ||    11
  Use: Scroll            |     5 |     7 |    14 |     4 ||    30
       Potion            |       |     4 |    10 |       ||    14
 Stab: Sleeping          |       |       |     1 |     1 ||     2
       Confused          |       |       |     1 |       ||     1
  Eat: Chunk             |     3 |     5 |    10 |     3 ||    21
       Ration            |       |     1 |     1 |       ||     2
Armor: Ring mail         |    30 |    71 |    43 |       ||   144
       Leather armour    |       |       |    75 |    20 ||    95
Dodge: Dodged            |    43 |   124 |   265 |    97 ||   529
       Rpst.: Long sword |       |       |     3 |       ||     3

Table legend:
 A = Spawn XP
 B = Non-spawn XP
 C = Spawn XP percentage of total XP
 D = Spawn monster count
 E = Non-spawn monster count
 F = Spawn count percentage of total count
 G = Total turns spent on level
                    A         B        C        D         E        F      G
               +---------+---------+-------+---------+---------+-------+---------
         Total |       0 |   10800 |   0.0 |       0 |     213 |   0.0 |  9800
               +---------+---------+-------+---------+---------+-------+---------
           D:1 |       0 |      25 |   0.0 |       0 |      13 |   0.0 |   794
           D:2 |       0 |      27 |   0.0 |       0 |      13 |   0.0 |   921
           D:3 |       0 |     190 |   0.0 |       0 |      25 |   0.0 |   817
           D:4 |       0 |     602 |   0.0 |       0 |      23 |   0.0 |  1096
           D:5 |       0 |     894 |   0.0 |       0 |      23 |   0.0 |  1454
           D:6 |       0 |     357 |   0.0 |       0 |      14 |   0.0 |   502
           D:8 |       0 |     623 |   0.0 |       0 |      16 |   0.0 |    53
           D:9 |       0 |     825 |   0.0 |       0 |       8 |   0.0 |  1074
          D:10 |       0 |     145 |   0.0 |       0 |       2 |   0.0 |    76
        Lair:1 |       0 |    5134 |   0.0 |       0 |      17 |   0.0 |  1323
        Lair:2 |       0 |    1630 |   0.0 |       0 |      11 |   0.0 |   423
         Sewer |       0 |     348 |   0.0 |       0 |      48 |   0.0 |  1155
               +---------+---------+-------+---------+---------+-------+---------
